 Dungeon Crawl Stone Soup version 0.27-a0-46-g34d46f0a3f (webtiles) character file.

Game seed: 16154868797208997052

47 Borgoz the Slasher (level 3, 0/30 HPs)
             Began as a Ghoul Gladiator on Jan 6, 2021.
             Killed from afar by Crazy Yiuf (3 damage)
             ... with a puff of flame
             ... on level 2 of the Dungeon.
             The game lasted 00:01:41 (1838 turns).

Borgoz the Slasher (Ghoul Gladiator)                Turns: 1838, Time: 00:01:41

Health: 0/30       AC:  7    Str: 18    XL:     3   Next: 70%
Magic:  2/2        EV: 10    Int:  3    God:
Gold:   65         SH:  0    Dex: 10    Spells: 2/2 levels left

rFire    . . .     SeeInvis .   a - +0 long sword
rCold    + + .     Faith    .   (no shield)
rNeg     + + +     Spirit   .   f - +0 scale mail
rPois    ∞         Reflect  .   c - +0 helmet
rElec    .         Harm     .   (no cloak)
rCorr    .         Rampage  .   (no gloves)
Will     .....                  (no boots)
Stlth    ..........             (no amulet)
HPRegen  0.00/turn              p - ring of protection from cold
MPRegen  0.08/turn              (no ring)

@: mighty, hasted, very quick
A: claws 1, cold resistance 1, negative energy resistance 3, inhibited
regeneration, torment resistance, unbreathing
a: no special abilities


You were on level 2 of the Dungeon.
You visited 1 branch of the dungeon, and saw 2 of its levels.

You collected 65 gold pieces.

Inventory:

Hand Weapons
 a - a +0 long sword (weapon)
 r - a +0 long sword
Missiles
 d - 2 throwing nets (quivered)
 m - 3 atropa-tipped darts
Armour
 c - a +0 helmet (worn)
 f - a +0 scale mail (worn)
Jewellery
 p - a ring of protection from cold (left claw)
Scrolls
 b - a scroll of enchant armour {unknown}
 g - a scroll of random uselessness {unknown}
 h - 3 scrolls of remove curse {unknown}
 i - a scroll of magic mapping {unknown}
 k - a scroll of enchant weapon {unknown}
 n - 2 scrolls of identify {unknown}
Potions
 e - a potion of lignification {unknown}
 l - a potion of haste {unknown}
 o - a potion of flight {unknown}


   Skills:
 + Level 2.7 Fighting
 * Level 3.3 Long Blades
 - Level 1.7 Throwing
 + Level 1.0 Armour
 + Level 3.0 Dodging


You had 2 spell levels left.
You didn't know any spells.
Your spell library was empty.

Dungeon Overview and Level Annotations

Branches:
Dungeon (2/15)

Altars:

Annotations:
D:2 Crazy Yiuf


Innate Abilities, Weirdness & Mutations

You thrive by killing the living.
You are immune to poison.
You have sharp fingernails.
Your flesh is cold resistant. (rC+)
You are immune to negative energy. (rN+++)
You do not regenerate when monsters are visible.
You are immune to unholy pain and torment.
You can survive without breathing.


Message History

Crazy Yiuf hits you with a +2 quarterstaff of chaos!
You blink.
Crazy Yiuf hits you with a +2 quarterstaff of chaos!
* * * LOW HITPOINT WARNING * * *
You feel yourself speed up.
You closely miss Crazy Yiuf.
Crazy Yiuf is heavily wounded.
You feel better.
Crazy Yiuf says, "Fire unthinkable snockshim!"
Crazy Yiuf zaps a wand.
The puff of flame hits you.
* * * LOW HITPOINT WARNING * * *
Throw: 3 throwing nets
Press: ? - help, Q - select action, (/) - cycle Shift-Dir - straight line, f - Crazy Yiuf
Aim: Crazy Yiuf, wielding a +2 quarterstaff of chaos, wearing a +0 cloak and carrying a wand of flame (9) (heavily wounded)
You throw a throwing net. The throwing net hits Crazy Yiuf.
Crazy Yiuf is caught in the net!
Crazy Yiuf is heavily wounded.
Crazy Yiuf screams, "Rifle!
Iron testudinal snail."
Crazy Yiuf zaps a wand.
The puff of flame hits you.
You die...

#.#..# ♣♣P..♣
#.....#...## #.#..#
♣♣.♣♣ #.....#...##
#.#.<# ♣♣.♣
#.....#...## #.#..#
♣.♣♣ #...<.#...##
#.#..# ♣♣.♣
#.....#...## #.#..##
♣.♣♣ #.....#...'.
#.#...# ##'##
#.....#...## #.#.#.#
#.g.# #.....###...
#.#...# #.@.#
#.#.######## #.#...#
#)..# #.#.........
#.....# #####
#.##########
######.....#
#...........
...........###
################
#######......#####.#.#
#####
.....................#
#....
#.#######........#.###
#.).. #.####
#........#...# #....


You could see Crazy Yiuf (caught).

Vanquished Creatures
  An adder (D:2)
  2 dart slugs (D:1)
  A leopard gecko (D:2)
  5 giant cockroaches
  4 goblins (D:1)
  3 hobgoblins
  A ball python (D:1)
  5 bats
  2 frilled lizards (D:1)
  5 kobolds
  3 rats (D:1)
32 creatures vanquished.

Notes
Turn   | Place    | Note
-------+----------+-------------------------------------------
     0 | D:1      | Borgoz the Ghoul Gladiator began the quest for the Orb.
     0 | D:1      | Reached XP level 1. HP: 17/17 MP: 0/0
   325 | D:1      | Reached XP level 2. HP: 23/25 MP: 1/1
   705 | D:1      | Reached XP level 3. HP: 30/30 MP: 2/2
  1102 | D:2      | Reached skill level 1 in Armour
  1823 | D:2      | Found a runed translucent door.
  1824 | D:2      | Noticed Crazy Yiuf
  1838 | D:2      | Killed from afar by Crazy Yiuf

Illustrated notes

Levels and vault maps discovered:
D:1:      dpeg_arrival_rhombi, layout_loops_corners
D:2:      layout_basic, uniq_crazy_yiuf_cottage

Skill      XL: |  1  2  3 |
---------------+----------+-----
Long Blades    | 3 |  3.3
Dodging        | 3 |  3.0
Armour         | 1 |  1.0
Fighting       | |  2.7
Throwing       | |  1.7

Action                   || total
-------------------------++-------
Melee: Long sword        ||    99
Throw: Throwing net      ||     1
  Use: Potion            ||     4
Armor: Scale mail        ||    51
Dodge: Dodged            ||    54
       Rpst.: Long sword ||    14

Table legend: (Time is in decaauts)
 A = Elapsed time spent in this place.
 B = Non-inter-level travel time spent in this place.
 C = Inter-level travel time spent in this place.
 D = Time resting spent in this place.
 E = Time spent auto-exploring this place.
 F = Levels seen in this place.
 G = Mean time per level.
                   A        B        C        D        E       F      G
               +--------+--------+--------+--------+--------+-----+--------+
         Total |   1859 |   1829 |     30 |     69 |   1498 |   2 |  929.5 |
       Dungeon |   1859 |   1829 |     30 |     69 |   1498 |   2 |  929.5 |
               +--------+--------+--------+--------+--------+-----+--------+

Top non-repeatable levels by time:
     D:1: 971 daAuts
     D:2: 887 daAuts
